 Dungeon Crawl Stone Soup version 0.27.1-33-g824d729ab1 (webtiles) character file.

Game seed: 5899545963536308597

109 safid the Chopper (level 4, 0/40 HPs)
             Began as a Hill Orc Fighter on Dec 31, 2021.
             Killed from afar by an orc wizard (8 damage)
             ... with a magic dart
             ... on level 3 of the Dungeon.
             The game lasted 00:04:01 (2838 turns).

safid the Chopper (Hill Orc Fighter)                Turns: 2838, Time: 00:04:02

Health: 0/40       AC:  7    Str: 19    XL:     4   Next: 90%
Magic:  4/4        EV:  7    Int:  8    God:
Gold:   94         SH:  9    Dex: 10    Spells: 3/3 levels left

rFire    . . .     SeeInvis .   a - +0 war axe
rCold    . . .     Faith    .   c - +0 kite shield
rNeg     . . .     Spirit   .   b - +0 scale mail
rPois    .         Reflect  .   (no helmet)
rElec    .         Harm     .   (no cloak)
rCorr    .         Rampage  .   (no gloves)
Will     .....                  (no boots)
Stlth    ..........             (no amulet)
HPRegen  0.13/turn              (no ring)
MPRegen  0.09/turn              (no ring)

@: no status effects
A: no striking features
a: no special abilities


You were on level 3 of the Dungeon.
You visited 1 branch of the dungeon, and saw 3 of its levels.

You collected 94 gold pieces.

Inventory:

Hand Weapons
 a - a +0 war axe (weapon)
Missiles
 f - 3 boomerangs (quivered)
Armour
 b - a +0 scale mail (worn)
 c - a +0 kite shield (worn)
Scrolls
 e - 2 scrolls of magic mapping {unknown}
 g - a scroll of noise {unknown}
 i - 3 scrolls of teleportation {unknown}
 k - a scroll of fear {unknown}
Potions
 d - 3 potions of might
 h - a potion of attraction {unknown}
 j - 2 potions of berserk rage {unknown}


   Skills:
 - Level 4.0 Fighting
 + Level 5.0 Axes
 - Level 4.0 Armour
 - Level 4.0 Shields


You had 3 spell levels left.
You didn't know any spells.
Your spell library was empty.

Dungeon Overview and Level Annotations

Branches:
Dungeon (3/15)

Altars:
Ashenzari
Cheibriados


Message History

The orc barely misses you.
Unknown command.
You barely miss the orc. You hit the bush but do no damage. x3
The orc hits you with a +0 club. The orc wizard casts a spell at you.
The puff of flame hits you! You block the orc's attack.
The orc wizard hits the bush but does no damage.
The orc hits you from afar with a +0 trident.
You block the orc's attack.
You slash the orc!
You kill the orc!
You hit the bush but do no damage. x3
The orc wizard hits the bush with a +0 dagger.
You block the orc's attack.
Unknown command.
You slash the hobgoblin!
You kill the hobgoblin!
You hit the bush. You hit the bush but do no damage. x2
The orc hits you but does no damage.
The orc wizard completely misses the bush.
Your Axes skill increases to level 5!
Unknown command.
The orc hits the bush but does no damage.
The orc wizard points at you and mumbles some strange words.
The puff of flame hits you!
* * * LOW HITPOINT WARNING * * *
The orc hits the bush but does no damage.
The orc wizard hits the bush but does no damage.
The orc hits the bush but does no damage.
The orc hits the bush but does no damage.
The orc wizard gestures at you while chanting.
You resist with some effort.
The orc completely misses the bush.
Items here: )) [[ รท.
The orc wizard casts a spell at you. You resist with some effort.
There is a stone staircase leading down here.
The orc wizard casts a spell at you. The magic dart hits you!
You die... ### #.###..PP..P.... ..######### #.# #..PP..PPPP. ..........# #.# #..PP...... ..........# #.# #..PP...... ..........# #.# #..PPPPPPP..

..).......# #.###..PPPP.PP..
.)........# ##'##..........
PPPPP..#######..............
.......)...o...>@......#....
PPP.P.##...o...........+..##
....P.....####.........# ##
._..P.....#
#.......[.#######
....P.....#
#.........'.....#
PPP.P.....#
#.........####.##
..........# #.........## #.#


PPPP...... ...........# #.# ......# ########### #.# You could see an orc wizard
and an orc.

Vanquished Creatures
  Terence (D:3)
  4 worms (D:2)
  4 dart slugs
  5 orcs (D:3)
  7 ball pythons
  5 endoplasms
  2 giant cockroaches (D:1)
  A goblin (D:2)
  5 hobgoblins
  2 jackals (D:1)
  5 kobolds
  3 quokkas
  3 bats
  6 frilled lizards
  6 rats
59 creatures vanquished.

Vanquished Creatures (others)
  3 fungi (D:3)
3 creatures vanquished.

Grand Total: 62 creatures vanquished

Notes
Turn   | Place    | Note
-------+----------+-------------------------------------------
     0 | D:1      | safid the Hill Orc Fighter began the quest for the Orb.
     0 | D:1      | Reached XP level 1. HP: 19/19 MP: 1/1
    74 | D:1      | Reached skill level 3 in Axes
    74 | D:1      | Reached XP level 2. HP: 27/27 MP: 2/2
   537 | D:1      | Reached XP level 3. HP: 23/33 MP: 3/3
   931 | D:1      | Found a faded altar of an unknown god.
  1714 | D:2      | Reached XP level 4. HP: 34/40 MP: 4/4
  1869 | D:2      | Reached skill level 4 in Axes
  2569 | D:3      | Found a broken altar of Ashenzari.
  2606 | D:3      | Noticed Terence
  2609 | D:3      | Found a snail-covered altar of Cheibriados.
  2618 | D:3      | Killed Terence
  2823 | D:3      | Reached skill level 5 in Axes
  2838 | D:3      | Killed from afar by an orc wizard

Illustrated notes

Levels and vault maps discovered:
D:1:      psy_arrival_fountain, layout_loops_ring,
          shapermc_ecumenical_altar_starsandcircs, minmay_misc_feat_diagonals
D:2:      layout_basic, feat_on_display
D:3:      layout_basic, mainiacjoe_overflow_alcove_3,
          mainiacjoe_overflow_chevrons, mainiacjoe_overflow_cross_hatched,
          uniq_sigmund, uniq_terence

Skill      XL: |  1  2  3  4 |
---------------+-------------+-----
Axes           | 3 5 |  5.0
Fighting       | 4 |  4.0
Armour         | 4 |  4.0
Shields        | 4 |  4.0

Action                   |  1- 3 |  4- 6 || total
-------------------------+-------+-------++-------
Melee: War axe           |   139 |    44 ||   183
Armor: Scale mail        |    50 |    11 ||    61
Dodge: Dodged            |    50 |    15 ||    65
Block: Kite shield       |    59 |    19 ||    78
